Match 40962047
Unlisted

Match 40962047
End
Construct Infanterie Kompanie
Selects Luftwaffe Battlegroup
Selects Luftwaffe Pioneer Support
Fallschirmpioneer Squad Paradrop
Grenadier Squad
MG 42 Machine Gun Team
Construct Luftwaffe Kompanie
Selects Stuka Strafing Run
221 Scout Car
Selects Fallschirmjäger Squad Paradrop
Fallschirmjäger Squad Paradrop
Luftwaffe Officer Quarters
Stuka Strafing Run
Medical Bunker
Selects LG40 Recoilless Gun Paradrop
LG40 Recoilless Gun Paradrop
Flak 30 Anti-aircraft Gun Team
Stuka Strafing Run
Construct Panzer Kompanie
Stoßtruppen Squad
Stuka Strafing Run
Panzer IV Medium Tank
Selects Infantry Reserves
Panzer Officer Quarters
Panzer IV Medium Tank
Selects Stuka Loiter
Stoßtruppen Squad
Panzer IV Medium Tank
Stuka Strafing Run
Side Skirts
Stuka Loiter
Stuka Strafing Run
Asuka top soska>З
минская 4
yapster
HIMYNAMEISHO
0
0

Comments sign in to comment!

No comments posted yet!